 Dungeon Crawl Stone Soup version 0.20-a0-942-ga5226df (webtiles) character file.

176 CkaM3 the Insei (level 5, -1/40 HPs)
             Began as a Draconian Transmuter on Apr 1, 2017.
             Killed by divine providence
             ... invoked by an orc priest
              (13 damage)
             ... on level 3 of the Dungeon.
             The game lasted 00:03:51 (3155 turns).

CkaM3 the Insei (Draconian Transmuter)              Turns: 3155, Time: 00:03:51

Health: -1/40      AC:  8    Str: 12    XL:     5   Next: 30%
Magic:  8/8        EV: 12    Int: 13    God:
Gold:   246        SH:  0    Dex: 13    Spells: 7/8 levels left

rFire    . . .     SeeInvis .     - Unarmed
rCold    . . .     Gourm    .   (no shield)
rNeg     . . .     Faith    .   (armour unavailable)
rPois    .         Spirit   .   (helmet restricted)
rElec    .         Reflect  .   o - +2 cloak {+Inv}
rCorr    .         Harm     .   (no gloves)
MR       .....                  (no boots)
Stlth    +.........             (no amulet)
Regen    0.2/turn               (no ring)
MPRegen  0.2/turn               (no ring)

@: no status effects
A: unfitting armour, cold-blooded, AC +5
a: Evoke Invisibility


You were on level 3 of the Dungeon.
You were not hungry.

You visited 1 branch of the dungeon, and saw 3 of its levels.

You collected 246 gold pieces.

Inventory:

Missiles
 a - 77 arrows
Armour
 o - a +2 cloak of invisibility (worn)
Scrolls
 d - 2 scrolls of enchant weapon {unknown}
 g - a scroll of identify {unknown}
 i - 3 scrolls of teleportation {unknown}
 l - a scroll of fog {unknown}
 p - a scroll of remove curse {unknown}
 s - 2 scrolls of blinking {unknown}
Potions
 e - a potion of curing {unknown}
 j - a potion of mutation {unknown}
 m - a potion of heal wounds {unknown}
 n - a potion of lignification {unknown}
 q - a potion of berserk rage {unknown}
 r - a potion of ambrosia {unknown}
Books
 b - a book of Changes

   Spells                             Type                      Level
   a - Beastly Appendage              Transmutation                1
   b - Sticks to Snakes               Transmutation                2
   c - Spider Form                    Transmutation/Poison         3
   d - Ice Form                       Ice/Transmutation            4
   e - Blade Hands                    Transmutation                5
Comestibles
 c - a bread ration
 h - a meat ration
 k - 3 royal jellies


   Skills:
 - Level 1.1 Fighting
 - Level 1.7 Dodging
 + Level 6.0 Unarmed Combat
 - Level 2.0 Spellcasting
 - Level 2.0 Transmutations


You had 7 spell levels left.
You knew the following spells:

 Your Spells              Type           Power        Failure   Level  Hunger
a - Beastly Appendage     Tmut           #.....       12%         1    ##.....


Dungeon Overview and Level Annotations

Branches:
Dungeon (3/15)

Altars:


Innate Abilities, Weirdness & Mutations

Your plain brown scales are hard. (AC +5)
You cannot fit into any form of body armour.
You are cold-blooded and may be slowed by cold attacks.


Message History

Pain shoots through your body!
You hit the orc priest but do no damage.
The orc priest is heavily wounded.
You hit the orc priest but do no damage.
The orc priest is heavily wounded.
The orc priest closely misses you.
You hit the orc priest.
The orc priest is heavily wounded.
The orc priest hits you with a falchion.
* * * LOW HITPOINT WARNING * * *
You hit the orc priest but do no damage.
Your punch misses the orc priest.
The orc priest is heavily wounded.
The orc priest hits you but does no damage.
You hit the orc priest.
You tail-slap the orc priest, but do no damage.
The orc priest is severely wounded.
The orc priest mumbles some strange prayers to Beogh against you.
Beogh smites you!
You die...

#..# #.##.#)##...........#
#o..###.#..#.##..........#
#.......##.##..........#
####...###>##..........#
#####..##..##..........##
#.......#.####...........
#.........###..........##
#.............[........#
#.......o@####..........#
..######### #..........#
## #..........#
##........## ##......##
########


You could see an orc priest.

Vanquished Creatures
  Crazy Yiuf (D:2)
  An orc wizard (D:2)
  4 adders
  2 oozes (D:2)
  2 leopard geckos (D:3)
  8 orcs
  2 ball pythons
  3 giant cockroaches
  4 goblins
  4 hobgoblins
  2 jackals (D:2)
  11 kobolds
  A quokka (D:2)
  10 bats
  4 frilled lizards
  5 rats
  2 toadstools (D:1)
66 creatures vanquished.

Vanquished Creatures (others)
  2 toadstools (D:1)
2 creatures vanquished.

Grand Total: 68 creatures vanquished

Notes
Turn   | Place    | Note
-------+----------+-------------------------------------------
     0 | D:1      | CkaM3 the Draconian Transmuter began the quest for the Orb.
     0 | D:1      | Reached XP level 1. HP: 16/16 MP: 3/3
   278 | D:1      | Reached XP level 2. HP: 12/23 MP: 5/5
   590 | D:1      | Reached skill level 4 in Unarmed Combat
  1149 | D:2      | Reached XP level 3. HP: 24/28 MP: 6/6
  1441 | D:2      | Found a runed door.
  2091 | D:2      | Reached skill level 5 in Unarmed Combat
  2091 | D:2      | Reached XP level 4. HP: 32/35 MP: 7/7
  2181 | D:2      | Noticed Crazy Yiuf
  2197 | D:2      | Killed Crazy Yiuf
  2694 | D:3      | Reached XP level 5. HP: 32/40 MP: 8/8
  3038 | D:2      | Reached skill level 6 in Unarmed Combat
  3155 | D:3      | Killed from afar by an orc priest

Vault maps used:
D:1:      ldierk_water_garden
D:2:      uniq_crazy_yiuf_cottage

Skill      XL: |  1  2  3  4  5 |
---------------+----------------+-----
Unarmed Combat | 4 5 6 |  6.0
Fighting       | |  1.1
Dodging        | |  1.7
Spellcasting   | |  2.0
Transmutations | |  2.0

Action                   |  1- 3 |  4- 6 || total
-------------------------+-------+-------++-------
Melee: Unarmed           |   114 |    96 ||   210
       Tailslap          |    10 |    11 ||    21
       Punch             |     2 |     2 ||     4
       Kick              |     2 |       ||     2
       Headbutt          |     1 |     5 ||     6
 Cast: Beastly Appendage |     3 |     2 ||     5
 Stab: Sleeping          |     2 |       ||     2
  Eat: Chunk             |     4 |     3 ||     7
Armor: Skin              |    28 |    28 ||    56
Dodge: Dodged            |    77 |    40 ||   117
